Map: Dasan Station LE

Players

BABDER - Winner!

  • Race: Terran Terran
  • League: Platinum
  • Spawn Location: 12:00

Fropez

  • Race: Protoss Protoss
  • League: Gold
  • Spawn Location: 6:00

VOD

Have the link to the VOD?

Description

Time

  • Played on: Nov. 16, 2016, 10:47 a.m.
  • Length: 11:29
Show
View Real Time Build Order
Export as new Build Order

BABDER Terran - Winner!

Build Orders:  

Get SALT Encoding   

  12  0:01  SCV  
  13  0:14  SCV  
  14  0:22  Supply Depot  
  14  0:25  Refinery  
  14  0:30  SCV  
  15  0:44  SCV  
  15  0:46  Barracks  
  16  0:56  SCV  
  17  1:08  SCV  
  18  1:12  Supply Depot  
  18  1:20  SCV  
  18  1:24  Barracks  
  19  1:32  SCV  
  20  1:38  Reaper  
  21  1:45  SCV  
  22  1:48  Engineering Bay  
  22  1:56  Refinery  
  22  1:57  SCV  
  23  2:10  Orbital Command  
  23  2:12  Reaper x2  
  25  2:38  Missile Turret  
  25  2:39  SCV  
  27  2:50  Barracks Reactor  
  27  2:52  Barracks Tech Lab  
  27  2:55  Factory  
  27  2:56  SCV  
  27  3:08  SCV  
  27  3:12  Marauder, Command Center  
  30  3:27  Marine  
  30  3:32  Supply Depot  
  31  3:34  Supply Depot  
  31  3:44  Stimpack  
  31  3:45  Factory Tech Lab  
  31  3:53  Marine  
  31  3:54  SCV  
  33  3:56  Missile Turret  
  33  4:00  Marine x2  
  35  4:06  SCV  
  36  4:14  Marine  
  36  4:15  Siege Tank  
  40  4:18  SCV  
  41  4:25  Supply Depot  
  41  4:26  Supply Depot, Missile Turret  
  41  4:30  SCV  
  42  4:39  Starport  
  42  4:45  Marine x2  
  46  4:46  SCV, Marauder  
  47  5:06  Starport, Missile Turret  
  47  5:10  Marine x2  
  47  5:11  Marauder  
  47  5:13  Siege Tank  
  54  5:19  SCV  
  55  5:23  Starport Reactor  
  55  5:24  SCV  
  56  5:28  Terran Infantry Weapons Level 1  
  56  5:31  SCV  
  57  5:36  SCV  
  58  5:45  Concussive Shells  
  58  5:47  Starport Reactor  
  58  5:55  Marine x2  
  58  5:56  Marauder  
  60  6:26  Marine x2  
  60  6:27  Siege Tank, Marauder  
  60  6:32  Orbital Command, Refinery  
  66  6:33  SCV, Refinery  
  67  6:44  Marine x2  
  67  6:45  SCV  
  70  6:48  Marauder  
  70  6:58  SCV  
  71  7:10  SCV  
  71  7:12  Liberator  
  71  7:13  Siege Tank  
  75  7:20  Marine x3  
  75  7:22  Hi-Sec Auto Tracking  
  78  7:29  SCV  
  82  7:35  Command Center  
  82  7:38  Marine x2  
  82  7:39  Marauder  
  86  7:45  Siege Tank  
  89  7:56  Marine x2  
  89  7:57  Medivac  
  93  8:08  Marauder  
  95  8:14  Marine x2  
  95  8:17  Siege Tank  
  94  8:30  Marauder, Liberator  
  94  8:31  Marine, Liberator  
  94  8:32  Marine  
  84  8:47  Medivac x2  
  91  8:51  Marine x2, Marauder  
  95  9:02  Siege Tank  
  97  9:08  Marine x2  
  94  9:12  Marauder  
  96  9:24  Medivac x2  
  98  9:26  Marine x2  
  98  9:28  Orbital Command  
  102  9:33  Supply Depot  
  102  9:34  Marauder  
  104  9:44  Marine  
  105  9:55  Marauder  
  105  9:56  Marine  
  108  10:02  Marine  
  109  10:14  Marine  
  109  10:16  Marauder  
  109  10:18  Refinery  
  109  10:20  Marine, Refinery  
  109  10:32  Marine  
  107  10:37  Marine  
  107  10:40  Marine  
  108  10:49  Marine, SCV  
  109  10:55  Marine  
Show
View Real Time Build Order
Export as new Build Order

Fropez Protoss 

Build Orders:  

Get SALT Encoding   

  12  0:01  Probe (Chrono Boost)  
  13  0:14  Pylon  
  13  0:27  Probe (Chrono Boost), Assimilator  
  14  0:37  Probe (Chrono Boost)  
  15  0:46  Gateway  
  16  0:50  Probe (Chrono Boost)  
  16  1:00  Probe (Chrono Boost)  
  17  1:11  Probe (Chrono Boost)  
  18  1:17  Assimilator  
  18  1:19  Pylon  
  18  1:21  Probe (Chrono Boost)  
  19  1:33  Cybernetics Core  
  19  1:35  Probe (Chrono Boost)  
  20  1:53  Pylon  
  21  1:54  Probe (Chrono Boost)  
  22  2:13  Pylon  
  22  2:14  Mothership Core (Chrono Boost)  
  23  2:17  Stalker  
  23  2:21  Warp Gate  
  25  2:39  Probe (Chrono Boost)  
  25  2:50  Probe (Chrono Boost)  
  26  2:52  Nexus  
  26  2:57  Stalker  
  28  3:07  Probe (Chrono Boost)  
  29  3:13  Gateway  
  29  3:18  Probe (Chrono Boost)  
  30  3:28  Probe (Chrono Boost)  
  31  3:39  Probe (Chrono Boost)  
  32  3:49  Pylon, Probe (Chrono Boost)  
  32  3:51  Pylon  
  33  4:00  Probe (Chrono Boost)  
  34  4:10  Probe (Chrono Boost)  
  34  4:12  Probe (Chrono Boost)  
  36  4:17  Assimilator  
  36  4:21  Probe (Chrono Boost)  
  37  4:29  Probe (Chrono Boost), Gateway  
  38  4:32  Gateway  
  38  4:33  Gateway  
  38  4:42  Pylon  
  38  4:44  Pylon, Probe (Chrono Boost)  
  38  4:45  Probe (Chrono Boost)  
  40  4:56  Probe (Chrono Boost)  
  41  5:03  Twilight Council  
  41  5:06  Probe (Chrono Boost)  
  42  5:10  Gateway  
  42  5:11  Gateway  
  42  5:15  Probe (Chrono Boost)  
  42  5:19  Gateway  
  43  5:23  Adept x2  
  47  5:33  Probe (Chrono Boost)  
  47  5:34  Probe (Chrono Boost)  
  49  5:45  Probe (Chrono Boost)  
  49  5:47  Adept x3  
  49  5:48  Adept  
  58  5:59  Probe (Chrono Boost)  
  59  6:10  Adept x3  
  59  6:11  Adept  
  65  6:20  Adept x3  
  71  6:26  Probe (Chrono Boost)  
  71  6:27  Pylon  
  71  6:30  Mothership Core (Chrono Boost)  
  71  6:32  Resonating Glaives (Chrono Boost)  
  66  6:35  Pylon  
  66  7:05  Probe  
  66  7:06  Probe  
  68  7:10  Adept x3  
  68  7:11  Adept x4  
  82  7:17  Forge  
  82  7:20  Probe  
  83  7:23  Pylon, Probe  
  83  7:26  Assimilator  
  83  7:28  Robotics Facility  
  84  7:30  Pylon  
  84  7:37  Probe  
  84  7:39  Probe  
  84  7:43  Nexus  
  86  7:48  Probe  
  86  7:50  Pylon  
  87  7:54  Pylon  
  87  7:56  Protoss Ground Weapons Level 1 (Chrono Boost)  
  81  8:41  Stalker x5  
  77  8:42  Stalker  
  77  8:44  Immortal (Chrono Boost)  
  73  9:08  Adept x3  
  73  9:09  Adept x2  
  75  9:26  Assimilator  
  75  9:28  Photon Cannon  
  75  9:32  Pylon  
  75  9:34  Photon Cannon  
  75  9:38  Immortal (Chrono Boost)  
  79  9:48  Assimilator  
  79  9:52  Assimilator  
  79  9:55  Pylon  
  79  9:58  Adept, Pylon  
  79  9:59  Adept x2  
  83  10:02  Pylon  
  86  10:18  Cybernetics Core  
  86  10:20  Gateway  
  84  10:22  Pylon  
  78  10:47  Gateway  
  78  10:49  Gateway  
  78  10:51  Pylon  
  78  10:53  Pylon  
  78  10:55  Pylon  
  78  10:57  Pylon  
  78  10:59  Pylon  
  78  11:01  Pylon  
  72  11:19  Twilight Council  
Tags
 
Matchup
PvT
Replay Pack
All Mines
Spawn Locations
Cross Positions
Add a new tag
Caveats
  • Supply blocks, unpowered buildings, or Contaminate may cause inaccurate times.
  • Supply counts are checked every 10 seconds.